Map: Chantier naval orbital

Players

soma - Winner!

  • Race: Zerg Zerg
  • League: Grandmaster

AgCl

  • Race: Protoss Protoss
  • League: Grandmaster

VOD

Have the link to the VOD?

Description

Time

  • Played on: July 2, 2015, 4:08 p.m.
  • Length: 5:31
Show
View Real Time Build Order
Export as new Build Order

soma Zerg - Winner!

Build Orders: Hatch First 

Get SALT Encoding   

  12  0:01  Drone  
  13  0:12  Overlord  
  13  0:22  Overlord  
  13  0:34  Drone x2  
  13  0:35  Drone  
  16  0:57  Hatchery  
  16  1:00  Drone  
  16  1:04  Drone, Extractor  
  16  1:18  Spawning Pool  
  16  1:21  Drone  
  16  1:25  Drone  
  17  1:32  Drone  
  18  1:40  Drone  
  19  1:51  Drone  
  20  2:07  Zergling x2  
  21  2:14  Metabolic Boost  
  21  2:16  Queen x2  
  21  2:19  Drone x2  
  27  2:37  Drone x4  
  31  2:45  Spine Crawler  
  31  2:48  Spine Crawler  
  29  2:55  Overlord x2  
  29  3:05  Baneling Nest  
  28  3:06  Queen  
  28  3:11  Drone x2  
  32  3:38  Zergling x6  
  32  3:39  Zergling x14  
  32  3:40  Zergling x2  
  43  3:42  Zergling x2  
  44  4:01  Drone x6  
  50  4:07  Spore Crawler  
  50  4:08  Spore Crawler  
  48  4:13  Overlord x2  
  48  4:31  Spine Crawler  
  48  4:32  Spore Crawler  
  48  4:35  Drone x6  
  48  4:36  Drone  
  53  4:40  Drone x2  
  55  5:03  Zergling x16  
  63  5:08  Overlord x2  
  63  5:10  Extractor  
  63  5:23  Extractor  
  63  5:25  Extractor  
Show
View Real Time Build Order
Export as new Build Order

AgCl Protoss 

Build Orders: Oracle Opening 

Get SALT Encoding   

  13  0:09  Probe  
  13  0:18  Pylon  
  13  0:27  Probe  
  14  0:39  Probe  
  15  0:49  Gateway  
  15  0:51  Probe  
  16  0:58  Assimilator  
  16  1:03  Probe, Assimilator  
  17  1:04  Pylon  
  17  1:16  Probe (Chrono Boost)  
  18  1:28  Probe (Chrono Boost)  
  19  1:34  Probe (Chrono Boost)  
  20  1:41  Gateway  
  20  1:45  Probe (Chrono Boost)  
  21  1:54  Probe (Chrono Boost)  
  22  2:02  Probe  
  23  2:11  Nexus  
  23  2:14  Probe (Chrono Boost)  
  24  2:25  Probe (Chrono Boost)  
  25  2:35  Probe (Chrono Boost)  
  25  2:36  Cybernetics Core  
  26  2:42  Zealot  
  29  2:45  Probe (Chrono Boost)  
  29  2:49  Pylon  
  29  2:52  Probe  
  30  2:59  Pylon  
  30  3:08  Probe (Chrono Boost)  
  31  3:16  Stargate, Warp Gate (Chrono Boost)  
  33  3:20  Mothership Core (Chrono Boost)  
  34  3:29  Probe (Chrono Boost)  
  35  3:34  Probe  
  35  3:36  Probe  
  36  3:46  Probe  
  37  3:53  Nexus  
  38  3:59  Oracle (Chrono Boost)  
  38  4:01  Probe (Chrono Boost)  
  38  4:02  Probe (Chrono Boost)  
  42  4:13  Fleet Beacon, Probe (Chrono Boost)  
  42  4:15  Probe (Chrono Boost)  
  44  4:18  Assimilator  
  45  4:27  Probe (Chrono Boost)  
  45  4:28  Probe (Chrono Boost), Assimilator  
  46  4:33  Forge  
  46  4:37  Probe (Chrono Boost)  
  48  4:39  Probe (Chrono Boost)  
  48  4:44  Probe  
  48  4:48  Probe  
  49  4:56  Probe  
  47  5:21  Probe (Chrono Boost)  
  47  5:26  Zealot x2  
Tags
 
Add a new tag
Caveats
  • Supply blocks, unpowered buildings, or Contaminate may cause inaccurate times.
  • Supply counts are checked every 10 seconds.